 Dungeon Crawl Stone Soup version 0.20.1-1-g8b1a95d (webtiles) character file.

4359 Hylith the Cleaver (level 10, -1/93 HPs)
             Began as a Minotaur Berserker on Dec 25, 2017.
             Was an Elder of Trog.
             Slain by a troll (13 damage)
             ... on level 8 of the Dungeon.
             The game lasted 00:25:45 (6112 turns).

Hylith the Cleaver (Minotaur Berserker)             Turns: 6112, Time: 00:25:47

Health: -1/93      AC: 20    Str: 25    XL:     10   Next: 12%
Magic:  8/8        EV: 12    Int:  4    God:    Trog [****..]
Gold:   422        SH:  0    Dex: 10    Spells: 9/9 levels left

rFire    . . .     SeeInvis .   I - +0 battleaxe
rCold    + . .     Gourm    .   (shield currently unavailable)
rNeg     . . .     Faith    .   O - +0 chain mail
rPois    .         Spirit   .   (helmet restricted)
rElec    .         Reflect  .   (no cloak)
rCorr    .         Harm     .   C - +0 pair of gloves
MR       .....                  D - +1 pair of boots
Stlth    ..........             x - amulet of regeneration
Regen    0.7/turn               l - +5 ring of protection
MPRegen  0.2/turn               z - ring of protection from cold

@: no status effects
A: retaliatory headbutt, horns 2, repulsion field 1, rugged brown scales 1,
blink, low mp 1
a: Blink, Berserk, Trog's Hand, Brothers in Arms, Burn Spellbooks, Renounce
Religion


You were on level 8 of the Dungeon.
You worshipped Trog.
Trog was greatly pleased with you.
You were not hungry.

You visited 1 branch of the dungeon, and saw 9 of its levels.

You collected 422 gold pieces.

Inventory:

Hand Weapons
 h - a +0 shortbow
 s - a +0 shortbow
 F - a +1 war axe of freezing
 H - a +2 quarterstaff of crushing
 I - a +0 battleaxe (weapon)
 J - a +0 scythe
Missiles
 S - 12 arrows
Armour
 C - a +0 pair of gloves (worn)
 D - a +1 pair of boots (worn)
 O - a +0 chain mail (worn)
Jewellery
 g - an uncursed amulet of faith
 l - a +5 ring of protection (left hand)
 t - a +3 amulet of reflection
 x - an amulet of regeneration (around neck)
 z - a ring of protection from cold (right hand)
 G - a -2 ring of dexterity
 M - an uncursed amulet of guardian spirit
Wands
 a - a wand of digging (11/24)
 k - a wand of random effects (27/48)
 Q - a wand of iceblast (9/15)
 R - a wand of paralysis (8/24)
Scrolls
 b - a scroll of summoning {unknown}
 d - 6 scrolls of remove curse
 i - 4 scrolls of magic mapping {unknown}
 n - 6 scrolls of amnesia {unknown}
 o - 7 scrolls of identify {unknown}
 q - a scroll of teleportation
 r - a scroll of random uselessness {unknown}
 u - 6 scrolls of enchant armour {unknown}
 y - 3 scrolls of fear {unknown}
 K - 2 scrolls of blinking {unknown}
 P - a scroll of enchant weapon {unknown}
Potions
 e - a potion of ambrosia {unknown}
 j - 4 potions of curing
 m - a potion of berserk rage {unknown}
 w - 2 potions of haste {unknown}
 A - 2 potions of heal wounds
 B - a potion of resistance {unknown}
 L - a potion of brilliance {unknown}
 N - a potion of might {unknown}
Books
 E - a book of Minor Magic

   Spells                             Type                      Level
   a - Magic Dart                     Conjuration                  1
   b - Blink                          Translocation                2
   c - Call Imp                       Summoning                    2
   d - Slow                           Hexes                        2
   e - Conjure Flame                  Conjuration/Fire             3
   f - Mephitic Cloud                 Conjuration/Poison/Air       3
   Trog disapproves of the use of such an item.
Comestibles
 c - 7 bread rations
 f - 4 royal jellies
 p - 4 meat rations
 v - 10 fruits


   Skills:
 * Level 9.1 Fighting
 * Level 12.5 Axes
 * Level 8.6 Armour
 - Level 4.7 Dodging
 - Level 0.3 Stealth


You had 9 spell levels left.
You didn't know any spells.

Dungeon Overview and Level Annotations

Branches:
Dungeon (9/15)             Temple (0/1) D:4
   Lair: D:8-11         Orc: D:9-12

Altars:
Ashenzari
Dithmenos
Hepliaklqana
Nemelex Xobeh
Qazlal
Ru
Trog
Vehumet
Yredelemnul
Zin
The Shining One


Innate Abilities, Weirdness & Mutations

You reflexively headbutt those who attack you in melee.
You have a pair of horns on your head.
You are surrounded by a mild repulsion field. (EV +2)
You are partially covered in rugged brown scales. (AC +1, +3% HP)
You can translocate small distances at will.
Your magical capacity is low. (-10% MP)


Message History

The troll is severely wounded.
The troll bites you. The troll claws you. The troll barely misses you.
You barely miss the troll. Your headbutt misses the troll.
The troll is severely wounded.
The troll bites you but does no damage. The troll claws you but does no damage.
The troll claws you.
You slash the troll!
The troll is almost dead.
The troll bites you. The troll claws you!
* * * LOW HITPOINT WARNING * * *
The troll claws you but does no damage.
You completely miss the troll.
The troll is almost dead.
The troll bites you!
* * * LOW HITPOINT WARNING * * *
The troll claws you but does no damage. The troll barely misses you.
You barely miss the troll.
The troll is almost dead.
The troll bites you!
You die...

........###..######
.......##<##...#
.......#...#...#
######.#.8.#...#####
#.#...#.......#
#.##.##...###.#
#######'########.#
##...##...##..[##.#
#<.8..'.8.').8T@#.#
##...##...##...##.#
#######.#######..#
#.# #..## #.# #.##
##.# #.# #..# #.#
##.## #.# #..# #.##


You could see a troll.

Vanquished Creatures
  An unseen horror (D:8)
  A troll (D:9)
  A spriggan (D:7)
  Sigmund (D:6)
  A hungry ghost (D:7)
  4 sky beasts
  4 orc warriors
  A necrophage (D:6)
  4 ogres
  2 centaurs
  3 bullfrogs
  2 scorpions (D:8)
  A water moccasin skeleton (D:7)
  9 killer bees (D:7)
  3 wights (D:7)
  3 crimson imps
  A centaur zombie (D:5)
  2 centaur skeletons
  3 jellies
  5 orc wizards
  4 orc priests
  4 hounds
  An iguana (D:6)
  3 worker ants
  A hound zombie (D:6)
  A hound skeleton (D:5)
  Robin (D:3)
  A gnoll (D:8)
  8 adders
  4 shadow imps
  2 oozes
  An adder zombie (D:5)
  3 worms
  7 leopard geckos
  27 orcs
  11 bats
  8 giant cockroaches
  2 gnoll zombies (D:5)
  8 hobgoblins
  5 jackals
  4 quokkas
  5 ball pythons
  5 frilled lizards
  14 goblins
  A jackal zombie (D:7)
  6 kobolds
  A leopard gecko skeleton (D:4)
  A quokka skeleton (D:4)
  A quokka zombie (D:6)
  8 rats
200 creatures vanquished.

Notes
Turn   | Place    | Note
-------+----------+-------------------------------------------
     0 | D:1      | Hylith the Minotaur Berserker began the quest for the Orb.
     0 | D:1      | Reached XP level 1. HP: 19/19 MP: 0/0
    59 | D:1      | Reached skill level 4 in Axes
    76 | D:1      | Reached XP level 2. HP: 22/27 MP: 1/1
   420 | D:2      | Reached ** piety under Trog
   445 | D:2      | Reached XP level 3. HP: 29/33 MP: 2/2
   637 | D:2      | Found a hazy altar of Hepliaklqana.
   713 | D:2      | Reached XP level 4. HP: 35/41 MP: 3/3
  1023 | D:2      | Reached skill level 5 in Axes
  1173 | D:3      | Noticed Robin
  1297 | D:3      | Reached *** piety under Trog
  1300 | D:3      | Reached XP level 5. HP: 47/47 MP: 4/4
  1304 | D:3      | Killed Robin
  2315 | D:4      | Found a glowing silver altar of Zin.
  2420 | D:4      | Found a staircase to the Ecumenical Temple.
  2488 | D:4      | Reached skill level 5 in Fighting
  2509 | D:4      | Noticed an ogre
  2516 | D:4      | Killed an ogre
  2516 | D:4      | Reached XP level 6. HP: 33/56 MP: 5/5
  2675 | D:4      | Found a radiant altar of Vehumet.
  2689 | D:4      | Reached skill level 6 in Axes
  3017 | D:4      | Found a sparkling altar of Nemelex Xobeh.
  3106 | D:5      | Entered Level 5 of the Dungeon
  3157 | D:5      | Noticed a sky beast
  3189 | D:5      | Killed a sky beast
  3362 | D:5      | Reached skill level 5 in Armour
  3362 | D:5      | Reached XP level 7. HP: 61/61 MP: 6/6
  3640 | D:5      | Found a glowing golden altar of the Shining One.
  3643 | D:5      | Reached skill level 7 in Axes
  3718 | D:5      | Found a basalt altar of Yredelemnul.
  3808 | D:6      | Noticed Sigmund
  4004 | D:6      | Reached skill level 8 in Axes
  4004 | D:6      | Reached XP level 8. HP: 38/70 MP: 7/7
  4078 | D:6      | Found a shadowy altar of Dithmenos.
  4097 | D:6      | Killed Sigmund
  4118 | D:6      | Found a stormy altar of Qazlal.
  4155 | D:6      | Received a gift from Trog
  4175 | D:6      | Reached skill level 9 in Axes
  4182 | D:6      | Noticed an air elemental
  4338 | D:7      | Found a bloodstained altar of Trog.
  4475 | D:7      | Found a sacrificial altar of Ru.
  4529 | D:7      | Reached skill level 10 in Axes
  4726 | D:7      | Reached XP level 9. HP: 41/79 MP: 8/8
  4741 | D:7      | Gained mutation: You are surrounded by a mild repulsion field. (EV +2) [potion of mutation]
  4741 | D:7      | Gained mutation: You can translocate small distances at will. [potion of mutation]
  4741 | D:7      | Gained mutation: Your magical capacity is low. (-10% MP) [potion of mutation]
  4741 | D:7      | Gained mutation: You are partially covered in rugged brown scales. (AC +1, +3% HP) [potion of mutation]
  4936 | D:7      | Reached skill level 11 in Axes
  5206 | D:8      | Reached **** piety under Trog
  5570 | D:8      | Found a sparkling altar of Nemelex Xobeh.
  5599 | D:8      | Reached skill level 12 in Axes
  5987 | D:8      | Killed an unseen horror
  5987 | D:8      | Reached XP level 10. HP: 55/92 MP: 8/8
  6006 | D:9      | Found a shattered altar of Ashenzari.
  6112 | D:8      | Slain by a troll

Skill      XL: |  1  2  3  4  5  6  7  8  9 10 |
---------------+-------------------------------+-----
Axes           | 4 5 6 8 10 12 | 12.5
Fighting       | 4 5 6 7 8 9 |  9.1
Armour         | 3 4 5 6 8 |  8.6
Dodging        | 3 4 |  4.7
Stealth        | |  0.3

Action                   |  1- 3 |  4- 6 |  7- 9 | 10-12 || total
-------------------------+-------+-------+-------+-------++-------
Melee: Hand axe          |    79 |   176 |    69 |       ||   324
       Headbutt          |    11 |    30 |    45 |     5 ||    91
       Battleaxe         |       |       |   170 |    25 ||   195
       War axe           |       |       |    23 |       ||    23
  Use: Scroll            |       |       |     4 |       ||     4
       Potion            |       |       |     3 |       ||     3
  Eat: Bread ration      |       |     2 |     3 |       ||     5
       Chunk             |       |       |     3 |       ||     3
Armor: Animal skin       |     7 |       |       |       ||     7
       Leather armour    |     7 |       |       |       ||     7
       Ring mail         |    14 |    65 |    79 |       ||   158
       Chain mail        |       |       |   163 |    38 ||   201
       Scale mail        |       |       |    12 |       ||    12
Dodge: Dodged            |    60 |    85 |   202 |    28 ||   375
Block: Other             |       |     5 |       |       ||     5
